 Dungeon Crawl Stone Soup version 0.29.0-4-gdea44cf6ec (webtiles) character file.

Game seed: 18103782256126072566

1212 qw the Cleaver (level 8, -1/69 HPs)
             Began as a Minotaur Berserker on Sept 8, 2022.
             Was a Believer of Trog.
             Killed from afar by a smoke demon (27 damage)
             ... with a ball of steam
             ... summoned by a kobold demonologist
             ... on level 6 of the Dungeon.
             The game lasted 00:01:16 (5657 turns).

qw the Cleaver (Minotaur Berserker)                 Turns: 5657, Time: 00:01:17

Health: -1/69      AC:  2    Str: 24    XL:     8   Next: 22%
Magic:  7/7        EV:  8    Int:  4    God:    Trog [**....]
Gold:   299        SH:  0    Dex: 10    Spells: 7/7 levels left

rFire   . . .      SeeInvis +   Y - +2 hand axe (elec)
rCold   + . .      Faith    .   (no shield)
rNeg    . . .      Spirit   .   i - +0 chain mail
rPois   .          Reflect  .   (helmet restricted)
rElec   .          Harm     .   (no cloak)
rCorr   .          Rampage  .   (no gloves)
Will    .....                   o - +0 pair of boots
Stlth   ..........              (no amulet)
HPRegen 0.21/turn               e - ring of see invisible
MPRegen 0.10/turn               g - ring of protection from cold

@: corroded
A: horns 2, retaliatory headbutt
a: Renounce Religion, Berserk, Trog's Hand


You were on level 6 of the Dungeon.
You worshipped Trog.
Trog was pleased with you.
You visited 1 branch of the dungeon, and saw 6 of its levels.

You collected 299 gold pieces.


Innate Abilities, Weirdness & Mutations

You have a pair of horns on your head.
You reflexively headbutt those who attack you in melee.


   Skills:
 + Level 5.6 Fighting
 - Level 10.2 Axes
 - Level 3.6 Throwing
 - Level 3.6 Armour
 - Level 2.1 Dodging


You had 7 spell levels left.
You didn't know any spells.
Your spell library was empty.

Inventory:

Hand Weapons
 b - a +4 vorpal flail
 Y - a +2 hand axe of electrocution (weapon)
Missiles
 k - 3 boomerangs (quivered)
Armour
 i - a +0 chain mail (worn)
 o - a +0 pair of boots (worn)
Jewellery
 e - a ring of see invisible (left hand)
 g - a ring of protection from cold (right hand)
Scrolls
 a - a scroll of identify
Potions
 c - a potion of mutation
 j - a potion of curing
 n - a potion of might

Dungeon Overview and Level Annotations

Branches:
Dungeon (6/15)
 Temple: D:4-7

Altars:

Annotations:
D:2 1 runed translucent door, Crazy Yiuf


Message History

The rust devil hits you. The rust devil corrodes you!
You hit the smoke demon but do no damage.
You headbutt the smoke demon, but do no damage.
The smoke demon is moderately wounded.
You hit the rust devil but do no damage.
You hit the kobold demonologist but do no damage.
The smoke demon closely misses you. You furiously retaliate!
You headbutt the smoke demon, but do no damage.
The smoke demon hits you. x2
The kobold demonologist hits you with a +0 dagger of electrocution.
The rust devil hits you. The rust devil corrodes you!
You hit the smoke demon but do no damage.
The smoke demon is moderately wounded.
You completely miss the kobold demonologist.
You hit the rust devil but do no damage.
The smoke demon hits you. x2
The smoke demon hits you but does no damage.
The kobold demonologist barely misses you.
The kobold demonologist looks braver for a moment.
The rust devil closely misses you. You furiously retaliate!
You headbutt the rust devil, but do no damage.
You hit the smoke demon.
The smoke demon is moderately wounded.
You completely miss the hellwing.
You hit the kobold demonologist but do no damage.
You closely miss the rust devil. The hellwing hits you.
The hellwing closely misses you.
The smoke demon hits you. x2; The smoke demon closely misses you.
You closely miss the smoke demon.
The smoke demon is moderately wounded.
You hit the kobold demonologist but do no damage.
You closely miss the rust devil. You closely miss the hellwing.
The kobold demonologist looks braver for a moment.
The kobold demonologist hits you with a +0 dagger of electrocution.
You are electrocuted!
The rust devil hits you. The rust devil corrodes you!
The hellwing hits you but does no damage.
The hellwing completely misses you. The smoke demon gestures at you.
The ball of steam hits you!!
You die... #..# #..# #..# #..# #..# .# #######..# ...
KKK5KKK44#

~##.###########@#
~......<.....[#3#
~#..#.###.###.#.#
~.........# #.#.#
........#.# #.#.#
..........# #.#.#
...####...# #.#.#
.#######...# #.#.#
.......#...###.#.###


You could see a hellwing (summoned), a rust devil (summoned), 2 kobold
demonologists, a smoke demon (summoned), 3 kobold brigands, a quasit (summoned)
and a kobold.

Vanquished Creatures
  A kobold demonologist (D:6)
  Eustachio (D:6)
  Edmund (D:5)
  A black bear (D:6)
  An ice beast (D:5)
  Blork the orc (D:4)
  A scorpion (D:5)
  A jelly (D:6)
  An orc priest (D:3)
  A hound (D:5)
  4 iguanas
  4 orc wizards
  An adder (D:2)
  A worm (D:2)
  A dart slug (D:3)
  5 orcs
  13 ball pythons
  7 endoplasms
  3 giant cockroaches
  3 goblins
  6 hobgoblins
  8 jackals
  2 quokkas
  2 bats (D:2)
  3 kobolds
  3 rats
76 creatures vanquished.

Vanquished Creatures (others)
  2 fungi (D:2)
  4 toadstools (D:1)
6 creatures vanquished.

Grand Total: 82 creatures vanquished

Notes
Turn   | Place    | Note
-------+----------+-------------------------------------------
     0 | D:1      | qw the Minotaur Berserker began the quest for the Orb.
     0 | D:1      | Reached XP level 1. HP: 19/19 MP: 0/0
     0 | D:1      | 0 ||| qw: Version: 0.1-a-111-g1c1fd2e
     0 | D:1      | 0 ||| qw: Game counter: 6579
     0 | D:1      | 0 ||| qw: Always use a shield: true
     0 | D:1      | 0 ||| qw: Do Orc after D:15 true
     0 | D:1      | 0 ||| qw: Do second Lair branch before Depths: true
     0 | D:1      | 0 ||| qw: Lair rune preference: random
     0 | D:1      | 0 ||| qw: Plans: Normal
     0 | D:1      | 0 ||| PLANNING D:1-11
   114 | D:1      | 114 ||| INVOKING Berserk.
   116 | D:1      | Reached skill level 4 in Axes
   553 | D:1      | Reached XP level 2. HP: 26/26 MP: 1/1
  1124 | D:1      | 1124 ||| UPGRADING to +0 scale mail.
  1134 | D:1      | 1134 ||| DROPPING +0 animal skin.
  1135 | D:1      | 1135 ||| UPGRADING to ring of see invisible.
  1136 | D:1      | 1136 ||| UPGRADING to ring of protection from cold.
  1137 | D:1      | 1137 ||| READING scroll labelled LYAPRU JUEKLE.
  1225 | D:2      | 1225 ||| INVOKING Berserk.
  1465 | D:2      | 1465 ||| Stepping ~*~*~tactically~*~*~ (stealth).
  1467 | D:2      | 1467 ||| Stepping ~*~*~tactically~*~*~ (stealth).
  1495 | D:2      | Reached skill level 5 in Axes
  1538 | D:2      | 1538 ||| Stepping ~*~*~tactically~*~*~ (stealth).
  1548 | D:2      | Reached XP level 3. HP: 28/31 MP: 2/2
  1716 | D:2      | Reached ** piety under Trog
  2049 | D:2      | Found a runed translucent door.
  2050 | D:2      | Noticed Crazy Yiuf
  2161 | D:2      | 2161 ||| READING scroll labelled QOCWEFFI ILLAU.
  2235 | D:2      | 2235 ||| READING scroll labelled VYSHRY ZUUNU.
  2236 | D:2      | 2236 ||| READING scroll labelled IDOUSHR GIPTI.
  2399 | D:3      | 2399 ||| STAIRDANCE
  2599 | D:3      | 2599 ||| DROPPING +0 whip.
  2692 | D:3      | 2692 ||| Stepping ~*~*~tactically~*~*~ (hiding).
  2699 | D:3      | 2699 ||| Stepping ~*~*~tactically~*~*~ (stealth).
  2718 | D:3      | 2718 ||| Stepping ~*~*~tactically~*~*~ (stealth).
  2719 | D:3      | 2719 ||| INVOKING Berserk.
  2722 | D:3      | Reached skill level 6 in Axes
  2722 | D:3      | Reached XP level 4. HP: 39/39 MP: 3/3
  2727 | D:3      | 2727 ||| Stepping ~*~*~tactically~*~*~ (stealth).
  2785 | D:3      | 2785 ||| INVOKING Berserk.
  2801 | D:3      | 2801 ||| Stepping ~*~*~tactically~*~*~ (stealth).
  2917 | D:3      | 2917 ||| SWAPPING to +2 hand axe of electrocution.
  2918 | D:3      | 2918 ||| DROPPING +0 hand axe.
  3007 | D:3      | 3007 ||| Stepping ~*~*~tactically~*~*~ (stealth).
  3139 | D:3      | 3139 ||| INVOKING Berserk.
  3142 | D:3      | Reached skill level 7 in Axes
  3142 | D:3      | Reached XP level 5. HP: 45/45 MP: 4/4
  3327 | D:3      | 3327 ||| UPGRADING to +0 chain mail.
  3337 | D:3      | 3337 ||| DROPPING +0 scale mail.
  3338 | D:3      | 3338 ||| UPGRADING to +0 pair of boots.
  3343 | D:3      | 3343 ||| READING scroll labelled QUEXOE ODIE.
  3344 | D:3      | 3344 ||| DRINKING 2 glowing silvery potions.
  3345 | D:3      | 3345 ||| DRINKING 2 viscous pink potions.
  3346 | D:3      | 3346 ||| DRINKING 2 sedimented coppery potions.
  3347 | D:3      | 3347 ||| READING 2 scrolls of identify.
  3347 | D:3      | 3347 ||| IDENTIFYING bubbling inky potion
  3348 | D:3      | 3348 ||| DROPPING potion of attraction.
  3349 | D:3      | 3349 ||| DROPPING potion of flight.
  3438 | D:4      | 3438 ||| INVOKING Berserk.
  3678 | D:4      | Noticed Blork the orc
  3679 | D:4      | 3679 ||| Stepping ~*~*~tactically~*~*~ (hiding).
  3681 | D:4      | 3681 ||| Stepping ~*~*~tactically~*~*~ (hiding).
  3682 | D:4      | 3682 ||| Stepping ~*~*~tactically~*~*~ (hiding).
  3686 | D:4      | 3686 ||| INVOKING Berserk.
  3689 | D:4      | Killed Blork the orc
  3890 | D:4      | 3890 ||| Stepping ~*~*~tactically~*~*~ (hiding).
  3901 | D:4      | 3901 ||| DRINKING potion of curing.
  3901 | D:4      | 3901 ||| (to cure confusion)
  3902 | D:4      | 3902 ||| INVOKING Berserk.
  3907 | D:4      | Reached skill level 8 in Axes
  3907 | D:4      | Reached XP level 6. HP: 52/52 MP: 5/5
  4344 | D:4      | 4344 ||| DRINKING 2 white potions.
  4449 | D:4      | 4449 ||| DROPPING potion of berserk rage.
  4482 | D:5      | Entered Level 5 of the Dungeon
  4483 | D:5      | Noticed Edmund
  4484 | D:5      | 4484 ||| Stepping ~*~*~tactically~*~*~ (stealth).
  4485 | D:5      | 4485 ||| Stepping ~*~*~tactically~*~*~ (stealth).
  4523 | D:5      | 4523 ||| Stepping ~*~*~tactically~*~*~ (stealth).
  4528 | D:5      | 4528 ||| INVOKING Berserk.
  4532 | D:5      | Killed Edmund
  4544 | D:5      | Noticed an ice beast
  4549 | D:5      | 4549 ||| FLEEEEING.
  4550 | D:5      | 4550 ||| FLEEEEING.
  4551 | D:5      | 4551 ||| STAIRDANCE
  4660 | D:5      | Killed an ice beast
  4661 | D:5      | Reached skill level 9 in Axes
  4667 | D:5      | 4667 ||| DROPPING +0 flail.
  4887 | D:5      | Reached XP level 7. HP: 59/59 MP: 6/6
  4940 | D:5      | Reached skill level 3 in Armour
  5327 | D:5      | 5327 ||| DROPPING +6 ring of intelligence.
  5328 | D:5      | 5328 ||| READING scroll labelled LAXKOU FUTOM.
  5329 | D:5      | 5329 ||| READING scroll labelled EQOLEE RINIUWN.
  5330 | D:5      | 5330 ||| READING 4 scrolls of identify.
  5330 | D:5      | 5330 ||| IDENTIFYING grey potion
  5331 | D:5      | 5331 ||| READING 3 scrolls of identify.
  5331 | D:5      | 5331 ||| IDENTIFYING pink potion
  5332 | D:5      | 5332 ||| READING 2 scrolls of identify.
  5332 | D:5      | 5332 ||| IDENTIFYING silvery potion
  5333 | D:5      | 5333 ||| DROPPING potion of brilliance.
  5334 | D:5      | 5334 ||| DROPPING potion of degeneration.
  5335 | D:5      | 5335 ||| DROPPING potion of invisibility.
  5418 | D:6      | Noticed Eustachio
  5420 | D:6      | 5420 ||| INVOKING Berserk.
  5446 | D:6      | Killed Eustachio
  5447 | D:6      | Reached skill level 10 in Axes
  5634 | D:6      | Noticed a kobold demonologist
  5634 | D:6      | Noticed a kobold demonologist
  5636 | D:6      | 5636 ||| Stepping ~*~*~tactically~*~*~ (stealth).
  5642 | D:6      | Noticed a kobold demonologist
  5647 | D:6      | Noticed a ynoxinul
  5648 | D:6      | Killed a kobold demonologist
  5649 | D:6      | Reached skill level 3 in Throwing
  5649 | D:6      | Reached XP level 8. HP: 63/69 MP: 7/7
  5650 | D:6      | Noticed a rust devil
  5653 | D:6      | Noticed a smoke demon
  5654 | D:6      | Noticed a hellwing
  5657 | D:6      | Killed from afar by a smoke demon

Levels and vault maps discovered:
D:1:      ldierk_walled_garden_2, layout_basic, kennysheep_crisscross,
          nicolae_hexahallways, chequers_garden, minivault_5
D:2:      layout_loops_ring, minmay_shallow_snake_nest, uniq_crazy_yiuf_cottage
D:3:      layout_loops_ring
D:4:      layout_loops_ring, uniq_blork_the_orc
D:5:      layout_basic, uniq_edmund
D:6:      layout_basic, minmay_temple_entry_purple_smoke, centaur_isle,
          uniq_maggie, uniq_menkaure, uniq_pikel, uniq_eustachio

Skill      XL: |  1  2  3  4  5  6  7 |
---------------+----------------------+-----
Axes           | 4 5 6 7 8 9 10 | 10.2
Fighting       | 4 5 |  5.6
Armour         | 3 |  3.6
Throwing       | 3 |  3.6
Dodging        | |  2.1

Action                   |  1- 3 |  4- 6 |  7- 9 || total
-------------------------+-------+-------+-------++-------
Melee: Hand axe          |   100 |    56 |    48 ||   204
       Headbutt          |    13 |     2 |     8 ||    23
Throw: Boomerang         |     9 |    27 |     8 ||    44
Invok: Berserk           |     3 |     6 |     1 ||    10
  Use: Scroll            |     4 |     2 |     5 ||    11
       Potion            |       |     5 |       ||     5
Armor: Animal skin       |     3 |       |       ||     3
       Scale mail        |    23 |     6 |       ||    29
       Chain mail        |       |    11 |    32 ||    43
Dodge: Dodged            |    48 |     8 |    27 ||    83

Table legend:
 A = Non-vault XP
 B = Vault XP
 C = Vault XP percentage of total XP
 D = Non-vault monster count
 E = Vault monster count
 F = Vault count percentage of total count
                 A         B        C        D         E       F
            +---------+---------+-------+---------+---------+-------
      Total |    1245 |     487 |  28.1 |      64 |      12 |  15.8
            +---------+---------+-------+---------+---------+-------
        D:1 |      22 |       0 |   0.0 |      12 |       0 |   0.0
        D:2 |      31 |      25 |  44.6 |      16 |       9 |  36.0
        D:3 |     137 |       0 |   0.0 |      13 |       0 |   0.0
        D:4 |      93 |     100 |  51.8 |      12 |       1 |   7.7
        D:5 |     318 |     154 |  32.6 |       5 |       1 |  16.7
        D:6 |     644 |     208 |  24.4 |       6 |       1 |  14.3
            +---------+---------+-------+---------+---------+-------
